 Dungeon Sprint DCSS version 0.20.1-1-g8b1a95d (webtiles) character file.

432 wojtek the Basher (level 6, -9/61 (62) HPs)
             Began as a Minotaur Berserker on Jan 1, 2018.
             Was a Priest of Trog.
             Mangled by a crocodile (17 damage)
             ... in the Dungeon (Sprint II: "The Violet Keep of Menkaure").
             The game lasted 00:00:24 (35 turns).

wojtek the Basher (Minotaur Berserker)                Turns: 35, Time: 00:00:25

HP:   -9/61 (62)    AC:  2    Str: 24    XL:     6   Next: 67%
MP:   5/5           EV: 15    Int:  4    God:    Trog [***...]
Gold: 0             SH:  0    Dex:  9    Spells: 5/5 levels left

rFire    . . .     SeeInvis .   a - +0 mace
rCold    . . .     Gourm    .   (no shield)
rNeg     . . .     Faith    .   b - +0 animal skin
rPois    .         Spirit   .   (helmet restricted)
rElec    .         Reflect  .   (no cloak)
rCorr    .         Harm     .   (no gloves)
MR       .....     NoTele   +   (no boots)
Stlth    +.........             (no amulet)
Regen    0.2/turn               (no ring)
MPRegen  0.1/turn               (no ring)

@: berserk cooldown, slowed, very slow
A: retaliatory headbutt, horns 2
a: Berserk, Trog's Hand, Burn Spellbooks, Renounce Religion


You were in the Dungeon.
You worshipped Trog.
Trog was most pleased with you.
You were not hungry.

You visited 1 branch

Inventory:

Hand Weapons
 a - a +0 mace (weapon)
Armour
 b - a +0 animal skin (worn)
Scrolls
 i - a scroll of blinking
Potions
 d - a potion of curing
 e - a potion of heal wounds
 f - a potion of haste
 g - 2 potions of magic
 h - a potion of berserk rage
Comestibles
 c - a bread ration


   Skills:
 + Level 8.5 Fighting
 * Level 11.3 Maces & Flails
 + Level 8.1 Armour
 + Level 7.3 Dodging


You had 5 spell levels left.
You didn't know any spells.

Dungeon Overview and Level Annotations

Branches:
Dungeon (1/1)

Altars:


Innate Abilities, Weirdness & Mutations

You reflexively headbutt those who attack you in melee.
You have a pair of horns on your head.


Message History

Your Maces & Flails skill increases to level 11!
Your Armour skill increases to level 8!
Your Dodging skill increases to level 7!
The crocodile bites you. The crocodile bites you!
You closely miss the crocodile.
The flying skull gives a hideous shriek!
Your headbutt misses the crocodile. The crocodile misses you.
You hit the crocodile. You headbutt the crocodile!
The crocodile is moderately wounded.
The crocodile bites you!
* * * LOW HITPOINT WARNING * * *
You hit the crocodile.
The crocodile is heavily wounded.
The crocodile bites you!
* * * LOW HITPOINT WARNING * * *
You barely miss the crocodile.
The crocodile is heavily wounded.
The flying skull gives a hideous shriek!
The crocodile bites you!
You die... §§§§§§§ §§≈≈§ z§z§≈ zzz zzz

#≈≈#+++#+++##
≈≈≈...t.....#
##@## ##.$.##
#..#..#
##.#.## ##†##
##.## +.<.+
##.## #+#


You could see a crocodile and 8 flying skulls.

Vanquished Creatures
  Menkaure (D)
  4 necrophages (D)
5 creatures vanquished.

Vanquished Creatures (others)
  A crocodile (D)
1 creature vanquished.

Grand Total: 6 creatures vanquished

Notes
Turn   | Place    | Note
-------+----------+-------------------------------------------
     0 | D        | wojtek the Minotaur Berserker began the quest for the Orb.
     0 | D        | Reached XP level 1. HP: 19/19 MP: 0/0
     1 | D        | Noticed a necrophage
     1 | D        | Noticed a necrophage
     1 | D        | Noticed a necrophage
     1 | D        | Noticed a necrophage
     7 | D        | Killed a necrophage
     7 | D        | Reached skill level 5 in Fighting
     7 | D        | Reached skill level 7 in Maces & Flails
     7 | D        | Reached skill level 5 in Armour
     7 | D        | Reached XP level 2. HP: 30/30 MP: 1/1
     7 | D        | Reached XP level 3. HP: 37/37 MP: 2/2
     7 | D        | Reached XP level 4. HP: 44/44 MP: 3/3
    11 | D        | Killed a necrophage
    11 | D        | Reached ** piety under Trog
    11 | D        | Reached skill level 9 in Maces & Flails
    11 | D        | Reached skill level 5 in Dodging
    11 | D        | Reached XP level 5. HP: 50/50 MP: 4/4
    18 | D        | Killed a crocodile
    20 | D        | Killed a necrophage
    20 | D        | Reached skill level 10 in Maces & Flails
    24 | D        | Killed a necrophage
    24 | D        | Reached XP level 6. HP: 58/60 MP: 5/5
    29 | D        | Noticed a flying skull
    29 | D        | Noticed a flying skull
    29 | D        | Noticed a flying skull
    29 | D        | Noticed Menkaure
    29 | D        | Noticed a flying skull
    29 | D        | Noticed a flying skull
    29 | D        | Noticed a flying skull
    29 | D        | Noticed a flying skull
    30 | D        | Noticed a flying skull
    30 | D        | Noticed a flying skull
    31 | D        | Noticed a flying skull
    31 | D        | Killed Menkaure
    31 | D        | Reached *** piety under Trog
    31 | D        | Reached skill level 11 in Maces & Flails
    32 | D        | Noticed a flying skull
    35 | D        | Noticed a flying skull
    35 | D        | Mangled by a crocodile

Skill      XL: |  1  2  3  4  5  6 |
---------------+-------------------+-----
Fighting       | 5 6 8 |  8.5
Maces & Flails | 7 9 10 11 | 11.3
Armour         | 5 6 7 8 |  8.1
Dodging        | 4 5 6 7 |  7.3

Action                   |  1- 3 |  4- 6 || total
-------------------------+-------+-------++-------
Melee: Mace              |     4 |    22 ||    26
       Headbutt          |     1 |     6 ||     7
Invok: Berserk           |     1 |       ||     1
Armor: Animal skin       |       |     3 ||     3
Dodge: Dodged            |     3 |     7 ||    10
